 Dungeon Crawl Stone Soup version 0.17-a0-1123-g6d3914c (console) character file.

3478 Monkaria the Carver (level 9, -2/65 HPs)
             Began as a Demonspawn Chaos Knight on May 24, 2015.
             Impaled on a porcupine's spines (8 damage)
             ... on level 1 of the Lair of Beasts.
             The game lasted 00:15:08 (7401 turns).

Monkaria the Carver (Demonspawn Chaos Knight)       Turns: 7401, Time: 00:15:08

Health: -2/65      AC:  9    Str: 16    XL:     9   Next: 79%
Magic:  9/9        EV: 19    Int: 15    God:    Xom [...*..]
Gold:   556        SH:  0    Dex: 20    Spells: 0 memorised, 8 levels left

rFire  . . .     SeeInvis .     a - +0 falchion (chaos)
rCold  + . .     Clarity  +     b - +2 leather armour
rNeg   . . .     SustAt   .     (no shield)
rPois  .         Gourm    .     g - +1 helmet
rElec  +         Spirit   .     o - +0 cloak
rCorr  .         Warding  .     (no gloves)
rMut   .         Stasis   .     (no boots)
MR     +....                    e - amulet of rage
Stlth  +++.......               (no ring)
                                d - ring of protection from cold

@: agile, somewhat resistant to hostile enchantments, fairly stealthy
A: repulsion field 2, agile 1, clarity, clever 1, magic resistance 1, sense
surroundings 1, powered by death 1, powered by pain 1, electricity resistance
a: Renounce Religion, Evoke Berserk Rage


You were on level 1 of the Lair of Beasts.
You worshipped Xom.
You were a favourite toy of Xom.
You were hungry.

You visited 2 branches of the dungeon, and saw 9 of its levels.

You collected 556 gold pieces.

Inventory:

Hand weapons
 a - a +0 falchion of chaos (weapon)
 F - a +2 triple sword of electrocution
Missiles
 j - 2 throwing nets
 n - 6 tomahawks (quivered)
 D - 3 tomahawks of returning
 L - 4 curare-tipped needles
Armour
 b - a +2 leather armour (worn)
 g - a +1 helmet (worn)
 o - a +0 cloak (worn)
Jewellery
 d - a ring of protection from cold (left hand)
 e - an amulet of rage (around neck)
 A - an uncursed amulet of faith
Magical devices
 t - a wand of polymorph (3)
 y - a wand of lightning (4)
 J - a wand of draining (5)
 K - a wand of slowing (21)
Scrolls
 h - 2 scrolls of remove curse
 k - 4 scrolls of enchant weapon
 u - a scroll of amnesia
 w - 3 scrolls of magic mapping {unknown}
 x - a scroll of teleportation {unknown}
 z - a scroll of vulnerability {unknown}
 B - a scroll of fear
 E - a scroll of recharging {unknown}
Potions
 i - 4 potions of brilliance
 l - 2 potions of haste
 p - a potion of cancellation
 q - 4 potions of flight
 r - 2 potions of resistance
 s - 3 potions of curing
 v - 2 potions of agility
 C - a potion of might
 I - 2 potions of heal wounds
Books
 H - a book of Annihilations {highlevel, unknown}

   This book is beyond your current level of understanding.

   Spells                             Type                      Level
   a - Poison Arrow                   Conjuration/Poison           6
   b - Chain Lightning                Conjuration/Air              8
   c - Lehudib's Crystal Spear        Conjuration/Earth            8
   d - Glaciate                       Conjuration/Ice              9
   e - Fire Storm                     Conjuration/Fire             9
Comestibles
 c - 9 bread rations
 f - 8 beef jerkies
 m - 3 meat rations
 G - a slice of pizza


   Skills:
 - Level 4.0 Fighting
 - Level 11.0 Long Blades
 + Level 6.7 Armour
 - Level 0.8 Dodging


You had 8 spell levels left.
You didn't know any spells.

Dungeon Overview and Level Annotations

Branches:
Dungeon (8/15)               Lair (1/8) D:8
 Temple: D:4-7

Altars:
Ashenzari
Elyvilon
Gozag
Makhleb
Nemelex Xobeh
Qazlal
Sif Muna
Zin

Shops:
D:5 (   D:8 :

Annotations:
D:4 Monkaria's ghost, average DsCK


Innate Abilities, Weirdness & Mutations

You are surrounded by a moderate repulsion field (EV +3).
You can steal the life force of nearby defeated enemies.
You sometimes gain a little power by taking damage.
You are agile. (Dex +2)
You possess an exceptional clarity of mind.
Your mind is acute. (Int +2)
You are resistant to hostile enchantments.
You passively map a small area around you.
You are resistant to electric shocks.


Message History

You hit the hippogriff.
The hippogriff seems to slow down.
The hippogriff is almost dead.
The porcupine bites you.
* * * LOW HITPOINT WARNING * * *
You are too injured to fight recklessly!
You are too injured to fight recklessly!
You are too injured to fight recklessly!
Unknown command.
The porcupine bites you!
* * * LOW HITPOINT WARNING * * *
You focus on the pain.
You feel agile all of a sudden.
You see here 10 sling bullets.
The hippogriff closely misses you. The hippogriff barely misses you.
The hippogriff claws you but does no damage.
Xom notices you.
Your head hurts.
You are struck by the porcupine's spines.
You die...
Xom thinks this is hilarious!

, , #....# ** ,
, ####..######
* ,
,+..........[.
* ,
####.#######P*
, ,,* ##.# *
*#..# * ##.# *
#.# * * #@#
##r# # ,
,#H+###.### ,
*#.(......# , ,
#........#
......./.....#,
,
,....#........+
,
..>..#........#
.... #######+##


You could see a hippogriff and a porcupine.

Vanquished Creatures
  Prince Ribbit (D:5)
  The ghost of Tarnath the Chiller, an average DEIE (D:5)
  3 yaks (Lair:1)
  A hungry ghost (D:8)
  A sky beast (D:8)
  A black bear (shapeshifter) (Lair:1)
  4 ogres
  2 centaurs
  A crocodile (D:8)
  6 giant frogs
  A water moccasin zombie (D:5)
  A scorpion (D:8)
  A crimson imp (D:5)
  A giant frog zombie (D:8)
  7 orc priests
  2 hounds (D:8)
  2 jellies (D:6)
  2 centaur skeletons
  A gnoll shaman (D:8)
  Jessica (D:2)
  7 orc wizards
  4 worker ants
  A killer bee zombie (D:5)
  A wandering mushroom (D:8)
  A hound zombie (D:7)
  6 adders
  5 gnolls
  2 river rats (D:3)
  A shadow imp (D:5)
  An ooze (D:3)
  An adder skeleton (D:8)
  7 worms
  5 giant geckos
  39 orcs
  4 ball pythons
  16 bats
  3 bat skeletons
  A bat zombie (D:6)
  17 goblins
  18 hobgoblins
  14 jackals
  8 quokkas
  2 giant cockroaches (D:2)
  4 giant newts
  A jackal skeleton (D:8)
  8 kobolds
  A quokka skeleton (D:7)
  A quokka zombie (D:8)
  23 rats
242 creatures vanquished.

Vanquished Creatures (collateral kills)
  An orc warrior (D:8)
  A scorpion (D:4)
  2 gnolls (D:6)
  An adder (D:4)
  An ooze (D:3)
  An orc (D:3)
  2 bats (D:4)
9 creatures vanquished.

Vanquished Creatures (others)
  A yak (Lair:1)
  A crimson imp (Lair:1)
  A jelly (D:6)
  A white imp (D:6)
  An ufetubus (D:6)
  A fungus (D:8)
6 creatures vanquished.

Grand Total: 257 creatures vanquished

Notes
Turn   | Place    | Note
--------------------------------------------------------------
     0 | D:1      | Monkaria the Demonspawn Chaos Knight began the quest for the Orb.
     0 | D:1      | Reached XP level 1. HP: 18/18 MP: 1/1
    45 | D:1      | XOM: harmless Chrm miscast
    96 | D:1      | Found a sparkling altar of Nemelex Xobeh.
   119 | D:1      | Gained mutation: You sometimes gain a little power by taking damage. [demonic ancestry]
   119 | D:1      | Reached XP level 2. HP: 20/24 MP: 2/2
   397 | D:1      | Reached skill level 4 in Fighting
   480 | D:1      | XOM: harmless Erth miscast
   541 | D:1      | XOM: divination: detect creatures
   690 | D:2      | Gained mutation: You are surrounded by a mild repulsion field (EV +2). [demonic ancestry]
   690 | D:2      | Reached XP level 3. HP: 24/30 MP: 3/3
   711 | D:2      | Noticed Jessica
   718 | D:2      | Killed Jessica
   799 | D:2      | Gained mutation: You can steal the life force of nearby defeated enemies. [demonic ancestry]
   799 | D:2      | Reached XP level 4. HP: 20/37 MP: 4/4
   844 | D:2      | XOM: silly message
  1153 | D:2      | Found an opulent altar of Gozag.
  1154 | D:2      | Found a glowing silver altar of Zin.
  1229 | D:2      | XOM: colour smoke trail
  1454 | D:3      | Found a sparkling altar of Nemelex Xobeh.
  1542 | D:3      | XOM: mild Summ miscast
  1725 | D:3      | Found a stormy altar of Qazlal.
  1726 | D:3      | Found a sparkling altar of Nemelex Xobeh.
  1727 | D:3      | Found a deep blue altar of Sif Muna.
  1727 | D:3      | Found a burning altar of Makhleb.
  1776 | D:3      | Reached XP level 5. HP: 37/42 MP: 5/5
  2077 | D:3      | XOM: god gift: scale mail {god gift}
  2470 | D:3      | XOM: god gift: curved wooden wand {god gift}
  2515 | D:3      | XOM: colour smoke trail
  2590 | D:4      | XOM: divination: magic mapping
  2616 | D:4      | XOM: summons friendly iron imp
  2620 | D:3      | XOM: potion effect (curing)
  2659 | D:4      | Reached skill level 5 in Long Blades
  2659 | D:4      | Reached XP level 6. HP: 37/48 MP: 6/6
  2694 | D:4      | XOM: divination: detect items
  2795 | D:4      | Found a white marble altar of Elyvilon.
  2925 | D:4      | XOM: divination: detect creatures
  2951 | D:4      | XOM: 1-stop teleportation journey
  3001 | D:4      | Noticed an ogre
  3005 | D:4      | XOM: cast spell 'Death Channel'
  3062 | D:4      | XOM: summons 5 friendly demons
  3098 | D:4      | Noticed Monkaria's ghost (average DsCK)
  3115 | D:4      | XOM: divination: detect items
  3151 | D:5      | Entered Level 5 of the Dungeon
  3170 | D:5      | XOM: divination: magic mapping
  3375 | D:5      | XOM: give mutations
  3375 | D:5      | Gained mutation: You possess an exceptional clarity of mind. [Xom's grace]
  3375 | D:5      | Gained mutation: You have an increased reservoir of magic (+10% MP). [Xom's grace]
  3375 | D:5      | Gained mutation: You are resistant to hostile enchantments. [Xom's grace]
  3375 | D:5      | Gained mutation: You are agile. (Dex +2) [Xom's grace]
  3394 | D:5      | Reached skill level 6 in Long Blades
  3506 | D:5      | XOM: potion effect (might)
  3510 | D:5      | XOM: polymorph jackal -> giant newt
  3513 | D:5      | Reached XP level 7. HP: 31/54 MP: 7/7
  3540 | D:5      | XOM: god gift: twisted copper wand {god gift}
  3602 | D:5      | XOM: 2-stop teleportation journey
  3605 | D:5      | Noticed Tarnath's ghost (average DEIE)
  3615 | D:5      | XOM: cast spell 'Monstrous Menagerie'
  3621 | D:5      | Killed Tarnath's ghost
  3621 | D:5      | Reached skill level 7 in Long Blades
  3735 | D:5      | XOM: divination: magic mapping
  3757 | D:5      | Found Jixesy's Weapon Emporium.
  3937 | D:5      | XOM: 6-stop teleportation journey
  4110 | D:5      | Noticed Prince Ribbit
  4120 | D:5      | XOM: summons 2 friendly demons
  4121 | D:5      | Killed Prince Ribbit
  4121 | D:5      | Reached skill level 8 in Long Blades
  4121 | D:5      | Gained mutation: You are surrounded by a moderate repulsion field (EV +3). [demonic ancestry]
  4121 | D:5      | Reached XP level 8. HP: 60/60 MP: 8/8
  4193 | D:5      | XOM: cast spell 'Dispersal'
  4247 | D:6      | XOM: stealth player
  4318 | D:6      | XOM: summons 3 friendly demons
  4352 | D:6      | Reached skill level 9 in Long Blades
  4485 | D:6      | Found a shattered altar of Ashenzari.
  4510 | D:6      | XOM: scenery: 1 doors close
  4689 | D:6      | XOM: cast spell 'Beastly Appendage'
  4814 | D:6      | XOM: harmless Conj miscast
  5205 | D:7      | Reached skill level 10 in Long Blades
  5457 | D:7      | You fall through a shaft!
  5524 | D:8      | XOM: swap monsters
  5585 | D:8      | Reached XP level 9. HP: 65/65 MP: 9/9
  5659 | D:8      | XOM: god gift: glowing triple sword {god gift}
  5847 | D:8      | Found Jemeggop's Book Shop.
  5910 | D:8      | XOM: mild Necr miscast
  5967 | D:8      | Noticed a wandering mushroom
  5969 | D:8      | Found a staircase to the Lair.
  5988 | D:8      | XOM: smoke on damage
  5992 | D:8      | Killed a wandering mushroom
  6374 | D:8      | Reached skill level 11 in Long Blades
  6429 | D:8      | XOM: noise
  6439 | D:8      | XOM: smoke on damage
  6666 | D:8      | Lost mutation: You have an increased reservoir of magic (+10% MP). [mutagenic meat]
  6667 | D:8      | Gained mutation: You are resistant to electric shocks. [mutagenic meat]
  6668 | D:8      | Gained mutation: Your natural rate of healing is unusually fast. [mutagenic meat]
  6669 | D:8      | Gained mutation: Your mind is acute. (Int +2) [mutagenic meat]
  6670 | D:8      | Gained mutation: You passively map a small area around you. [mutagenic meat]
  6671 | D:8      | Lost mutation: Your natural rate of healing is unusually fast. [mutagenic meat]
  6829 | D:8      | XOM: 1-stop teleportation journey
  6901 | D:8      | XOM: medium Summ miscast
  6909 | Lair:1   | Entered Level 1 of the Lair of Beasts
  6920 | Lair:1   | XOM: summons friendly crimson imp
  6937 | Lair:1   | XOM: enchant monster (bad)
  6952 | Lair:1   | Reached skill level 5 in Armour
  6992 | Lair:1   | XOM: harmless Conj miscast
  7399 | Lair:1   | XOM: harmless Summ miscast
  7401 | Lair:1   | Impaled on a porcupine's spines

Vault maps used:
D:1:      dpeg_arrival_leaves_temple_mockup, nemelex_xobeh_ov_fountains_minmay
D:2:      grunt_temple_overflow_gold_and_silver, kennysheep_jessica_study
D:3:      grunt_temple_overflow_open, portal_sewer_entry_e, first_bread,
          corexii_shack, nemelex_diamond_rough_becter
D:4:      elyvilon_altar_1
D:5:      serial_shops, kennysheep_mini, uniq_prince_ribbit1
D:6:      cheibrodos_ashenzari_chains
D:7:      minmay_temple_entry_crystal_x
D:8:      dpeg_oklobed_lair, serial_shops, shop_statue, grunt_ogre_cave

Action                   |  1- 3 |  4- 6 |  7- 9 || total
-------------------------+-------+-------+-------++-------
Melee: Falchion          |   111 |   332 |   556 ||   999
 Abil: Evoke Berserk Rag |       |       |     2 ||     2
Evoke: Wand              |       |       |     5 ||     5
  Use: Scroll            |       |     8 |    11 ||    19
 Stab: Petrified         |       |     1 |     4 ||     5
       Paralysed         |       |     4 |     8 ||    12
       Distracted        |       |     1 |     1 ||     2
       Confused          |       |       |     4 ||     4
       Petrifying        |       |       |     3 ||     3
       Sleeping          |       |       |     4 ||     4
  Eat: Chunk             |       |     8 |    21 ||    29
